Shiva, neutral male human Monk --------- |.......| +.......| ------ ----------- |........##### |....| |>......... # -.-|----- # |....| -.........| # #### # ##.*...| |..........############# # ### |....| ---.--- --.--|----- # ### # ----.- |...... ## # ######### # # |.....| ## -.------ -.-.--.---- # |.....| ### ## |......| |.........| # |......######--.-- |.....)-#### |_........| # |....$| # #....| |......| # |.%...<...| ## |.....| |#..| -------- ##-.........| ---|--- ------- |...-####### ----------- |.....| ----- |[@[[[| |[[d@m| ------- Shiva the Candidate Experience level: 2 Strength: 16 Dexterity: 10 Constitution: 15 Intelligence: 8 Wisdom: 14 Charisma: 11 Health: 0(27) Energy: 14(14) Def: 4 Gold: 433 Moves: 1263 Dungeon seed: QiofMtvlDmsULGpD Game ID: Shiva_1509576561 Your Inventory: Coins $ - 433 gold pieces Weapons o - a blessed +1 arrow u - a +0 orcish dagger w - a blessed +1 sling B - a +0 elven dagger Armor e - an uncursed +2 pair of leather gloves (being worn) n - an uncursed +1 robe z - a blessed +0 cloak of magic resistance (being worn) Comestibles d - 4 uncursed food rations f - 5 uncursed apples g - 7 uncursed oranges h - 3 uncursed fortune cookies r - an uncursed slime mold s - an uncursed lichen corpse t - 2 uncursed cream pies Scrolls b - an uncursed scroll of magic mapping j - a blessed scroll of light m - an uncursed scroll of enchant armor x - an uncursed scroll of identify Spellbooks a - a blessed spellbook of sleep Potions c - 2 uncursed potions of healing p - an uncursed potion of see invisible A - an uncursed potion of gain energy Wands k - a wand of striking (0:5) l - a wand of lightning (0:6) D - a wand of teleportation (0:7) Tools i - a magic marker (0:86) Gems q - 2 uncursed worthless pieces of violet glass y - an uncursed worthless piece of black glass Spells and supernatural/magical abilities: Name Level Category Fail Memory z - sleep 1 enchantment 35% 94% W - pray for help -- divine ? -- Your skills at the end: Fighting Skills martial arts [Basic] Weapon Skills Spellcasting Skills healing spells [Basic] Final Attributes: You were piously aligned. You were sleep resistant. You were magic-protected. You saw invisible. You were held by a giant mimic. You were fast. You were unlucky. Chih Sung-tzu was angry with you. You are dead. Vanquished creatures: a kitten a giant bat an acid blob 2 hobbits a yellow mold 2 geckos 2 jackals 3 foxes 3 kobolds 2 goblins 2 sewer rats 5 grid bugs 2 lichens 4 newts 31 creatures vanquished. Voluntary challenges: You followed a strict vegan diet. You never hit with a wielded weapon. You read items or engraved 2 times, starting on turn 266. You never genocided any monsters. You never polymorphed an object. You never changed form. You used 1 wish, starting on turn 343. You did not wish for any artifacts. You never split a pudding. You wrote Elbereth's name 1 time, starting on turn 267. You never violated your personal moral code. Dungeon overview: The Dungeons of Doom: levels 1 to 4 Level 1 a long staircase Level 2 a fountain Level 3 a scroll shop Level 4 <- You were here an armor shop, an altar to Chih Sung-tzu, a sink stairs to The Gnomish Mines The Gnomish Mines: Level 5 stairs to The Dungeons of Doom History has recorded: On T:1 you entered the Dungeons of Doom to retrieve the Amulet of Yendor! On T:88 you advanced to experience level 2. On T:337 you reached level 2 of The Dungeons of Doom. On T:343 you wished for "blessed greased +3 cloak of magic resistance". On T:467 you advanced to experience level 3. On T:537 you reached level 3 of The Dungeons of Doom. On T:962 you reached level 4 of The Dungeons of Doom. On T:1019 you reached level 1 of The Gnomish Mines. Score breakdown: Gold: 433 ( 8971 points) Experience: 2 levels ( 5570 points) Exploration: 5 levels ( 10.87%) ( 8944 points) Discoveries: 4 items ( 1.43%) ( 3585 points) Valuables value: (no points given unless you survive) Artifact value: 0 ( 0 points) Variety of kills: 14 monsters ( 3.67%) ( 5750 points) Turncount: 1263 turns ( 0 points) Survival: died (score multiplied by 80%) Total score: 26256 Latest messages: You see here a banded mail (90 zorkmids). You see here a chain mail (75 zorkmids). You stop. ñB is in the way! You see here a scale mail (45 zorkmids). You see here a chain mail (75 zorkmids). Wait! That's a giant mimic! You cannot escape from the giant mimic! You hit the giant mimic! The giant mimic hits! (2x) You begin praying to Chih Sung-tzu. The voice of Chih Sung-tzu rings out: "Thou art arrogant, mortal." "Thou must relearn thy lessons!" You feel foolish! Goodbye level 3. You feel less healthy! You feel better. The giant mimic hits! (2x) You die... Tirebolu gratefully inherits all your possessions. Final status: Goodbye Shiva the Monk, killed by a giant mimic... You died in The Dungeons of Doom on dungeon level 4 with 26256 points, and 433 pieces of gold, after 1263 moves. You were level 2 with a maximum of 27 hit points when you died.